 Dungeon Crawl Stone Soup version 0.20.0-15-g7f486f2 (console) character file.

35 removed the Grave Robber (level 3, -3/16 HPs)
             Began as a Spriggan Necromancer on June 10, 2017.
             Killed by nerve-wracking pain
             ... invoked by a shadow imp
             ... summoned by Natasha
              (10 damage)
             ... on level 2 of the Dungeon.
             The game lasted 00:01:17 (1574 turns).

removed the Grave Robber (Spriggan Necromancer)     Turns: 1574, Time: 00:01:18

Health: -3/16      AC:  2    Str:  9    XL:     3   Next: 17%
Magic:  3/9        EV: 18    Int: 17    God:
Gold:   60         SH:  0    Dex: 16    Spells: 8/9 levels left

rFire    . . .     SeeInvis +   (weapon restricted)
rCold    . . .     Gourm    .   (shield restricted)
rNeg     . . .     Faith    .   a - +0 robe
rPois    .         Spirit   .   (helmet restricted)
rElec    .         Reflect  .   (no cloak)
rCorr    .         Harm     .   (gloves unavailable)
MR       .....                  (boots unavailable)
Stlth    ++........             (no amulet)
Regen    0.1/turn               h - +5 ring of strength
MPRegen  0.2/turn               (no ring)

@: very quick
A: unfitting armour, see invisible, herbivore 3, speed 3, slow metabolism 2
a: no special abilities


You were on level 2 of the Dungeon.
You were not hungry.

You visited 1 branch of the dungeon, and saw 2 of its levels.

You collected 60 gold pieces.

Inventory:

Missiles
 i - a throwing net (quivered)
Armour
 a - a +0 robe (worn)
Jewellery
 h - a +5 ring of strength (left hand)
Scrolls
 d - a scroll of enchant armour {unknown}
 e - 2 scrolls of identify {unknown}
 f - 3 scrolls of remove curse {unknown}
 k - a scroll of blinking {unknown}
Potions
 g - a potion of brilliance {unknown}
 j - a potion of degeneration {unknown}
Books
 b - a book of Necromancy

   Spells                             Type                      Level
   a - Pain                           Necromancy                   1
   b - Animate Skeleton               Necromancy                   1
   c - Vampiric Draining              Necromancy                   3
   d - Regeneration                   Charms/Necromancy            3
   e - Animate Dead                   Necromancy                   4
   f - Control Undead                 Necromancy                   4
Comestibles
 c - 3 bread rations


   Skills:
 - Level 3.0 Dodging
 - Level 3.0 Stealth
 + Level 3.8 Spellcasting
 + Level 4.1 Necromancy


You had 8 spell levels left.
You knew the following spells:

 Your Spells              Type           Power        Failure   Level  Hunger
a - Pain                  Necr           ###.         3%          1    None


Dungeon Overview and Level Annotations

Branches:
Dungeon (2/15)

Altars:
Xom

Annotations:
D:2 Natasha


Innate Abilities, Weirdness & Mutations

You are very small and have problems with some larger weapons.
You are too small for most types of armour.
You have supernaturally acute eyesight. (SInv)
You are a herbivore.
You cover ground extremely quickly.
You need consume almost no food.


Message History

Press: ? - help, Shift-Dir - straight line, f/p - adder
Aim: an adder (lightly wounded, chance to defeat MR: 80%)
The adder writhes in agony!
Natasha mumbles some strange words.
Casting: Pain
Confirm with . or Enter, or press ? or * to list all spells.
Aiming: Pain
Press: ? - help, Shift-Dir - straight line, f/p - adder
Aim: an adder (heavily wounded, chance to defeat MR: 80%)
The adder writhes in agony!
You kill the adder!
You have reached level 3!
Your experience leads to an increase in your attributes!
Your base attributes are Str 4, Int 16, Dex 16.
Increase (S)trength, (I)ntelligence, or (D)exterity?
You feel clever. The shadow imp gestures at you. Pain shoots through your body!
Ouch! That really hurt!
You die...

..........##.#
..........##.#
..........##.#
...........#.#
...####....#.#
.. #......#
#...#..#
#...#.>#
#...##@#
#...##†# ####
#.# #.# #.#
#5# #h# #.#


You could see Natasha and a shadow imp.

Vanquished Creatures
  An adder (D:2)
  An ooze (D:1)
  A dart slug (D:1)
  5 bats
  2 giant cockroaches
  2 goblins
  2 hobgoblins
  2 frilled lizards (D:1)
  2 kobolds (D:1)
  4 rats
22 creatures vanquished.

Notes
Turn   | Place    | Note
-------+----------+-------------------------------------------
     0 | D:1      | removed the Spriggan Necromancer began the quest for the Orb.
     0 | D:1      | Reached XP level 1. HP: 9/9 MP: 5/5
    38 | D:1      | Found a shimmering altar of Xom.
   629 | D:1      | Reached XP level 2. HP: 12/13 MP: 2/7
  1451 | D:2      | Reached skill level 4 in Necromancy
  1572 | D:2      | Noticed Natasha
  1574 | D:2      | Reached XP level 3. HP: 8/16 MP: 3/9
  1574 | D:2      | Killed from afar by a shadow imp

Skill      XL: |  1  2 |
---------------+-------+-----
Spellcasting   | 3 |  3.8
Necromancy     | 4 |  4.1
Dodging        | |  3.0
Stealth        | |  3.0

Action                   || total
-------------------------++-------
Melee: Unarmed           ||     4
 Cast: Pain              ||    40
Armor: Robe              ||     1
Dodge: Dodged            ||    10
